[Event "XLIV Barbera del Valles-A 2022"]
[Site "Barbera del Valles"]
[Date "2022.07.12"]
[Round "9.9"]
[White "Del Amo Carbo, Jordi"]
[Black "Munoz, Miguel"]
[Result "0-1"]
[ECO "A70"]
[WhiteElo "2148"]
[BlackElo "2408"]
[Annotator "ChessBase"]
[PlyCount "62"]
[EventDate "2022.07.04"]
[EventType "swiss"]
[EventCountry "ESP"]
[SourceTitle "playchess.com"]
[Source "ChessBase"]
[SourceQuality "1"]
[TimeControl "5400+30"]

1. d4 Nf6 2. c4 c5 3. d5 e6 4. Nc3 exd5 5. cxd5 d6 6. e4 g6 7. h3 Bg7 8. Nf3 O-O 9. Bd3 b5 10. O-O b4 11. Nb1 c4 12. Bxc4 Nxe4 13. Nbd2 Nc5 14. Nb3 Nbd7 15. Nbd4 Nb6 16. Bb5 Bd7 17. Bc6 Bxc6 18. Nxc6 Qd7 19. Be3 Rfe8 20. Bd4 Nxd5 21. Bxg7 Qxc6 22. Bh6 Re4 23. Rc1 Rae8 24. Qd2 Ne7 25. Rfd1 Nf5 26. Bg5 a5 27. Rc2 Qb7 28. b3 R4e6 29. Bf4 Ne4 30. Qd5 Qxd5 31. Rxd5 Nc3 0-1

[Event "XLIV Barbera del Valles-A 2022"]
[Site "Barbera del Valles"]
[Date "2022.07.12"]
[Round "9.10"]
[White "Ortiz Verdezoto, Anahi"]
[Black "Perez Bolanos, Joel"]
[Result "1-0"]
[ECO "E41"]
[WhiteElo "2046"]
[BlackElo "2036"]
[Annotator "ChessBase"]
[PlyCount "75"]
[EventDate "2022.07.04"]
[EventType "swiss"]
[EventCountry "ESP"]
[SourceTitle "playchess.com"]
[Source "ChessBase"]
[SourceQuality "1"]
[TimeControl "5400+30"]

1. d4 Nf6 2. c4 e6 3. Nc3 Bb4 4. e3 c5 5. Bd3 Nc6 6. Nf3 Bxc3+ 7. bxc3 d6 8. e4 e5 9. d5 Ne7 10. O-O h6 11. Nh4 O-O 12. f4 Ng6 13. Nxg6 fxg6 14. Qe1 Qe8 15. fxe5 dxe5 16. a4 a5 17. Rb1 Rb8 18. Be3 b6 19. Bxc5 Rf7 20. Bxb6 Qxa4 21. c5 g5 22. Ra1 Qe8 23. Rxa5 Nh5 24. Bb5 Rxf1+ 25. Qxf1 Qg6 26. d6 Rxb6 27. cxb6 Qxd6 28. Ra8 Qxb6+ 29. Kh1 Qb7 30. Qc4+ Kh7 31. Rxc8 Nf6 32. Rc7 Qa8 33. Qf1 Kh8 34. Bd7 Qa5 35. Rc8+ Kh7 36. Bb5 Qa3 37. Qf5+ g6 38. Rc7+ 1-0